[ PARTIDA AOE2 · #467223357 ]
Team RMIndostaníes vs Slavs
[ ANÁLISIS DE REPETICIÓN · EXTRAÍDO DE LA PARTIDA GRABADA ]
Feudal
10:00
Castillos
17:55
Imperial
—
| APM promedio | 29.1 |
| APM pico | 79 |
| eAPM promedio | 12.0 |
| Aldeanos / militares | 58 / 34 |
Foco
⚔️ 18.5% · 🌾 81.5%
Spearman ×15 · Camel Scout ×14 · Armored Elephant ×4 · Scout Cavalry ×1
Feudal
—
Castillos
—
Imperial
—
| APM promedio | 28.5 |
| APM pico | 62 |
| eAPM promedio | 14.5 |
| Aldeanos / militares | 81 / 14 |
Foco
⚔️ 15.3% · 🌾 84.7%
Archer ×14 · Unknown (1944) ×6 · Unknown (1974) ×3
Feudal
10:40
Castillos
20:49
Imperial
—
| APM promedio | 39.3 |
| APM pico | 79 |
| eAPM promedio | 16.9 |
| Aldeanos / militares | 90 / 43 |
Foco
⚔️ 26.4% · 🌾 73.6%
Spearman ×22 · Camel Scout ×7 · Skirmisher ×6 · Knight ×5 · Cavalry Archer ×2 · Militia ×1
Feudal
9:41
Castillos
19:30
Imperial
—
| APM promedio | 17.4 |
| APM pico | 40 |
| eAPM promedio | 9.5 |
| Aldeanos / militares | 55 / 49 |
Foco
⚔️ 28.2% · 🌾 71.8%
Militia ×34 · Mangonel ×9 · Spearman ×5 · Battering Ram ×1
Mapa de la partida
Recursos iniciales + cada clic de construcción. Líneas = muros · curvas = relieve. ◆ oro · ⬟ piedra · ● bayas · ✦ reliquia · ◌ hueco del cierre
Tu base· ✓ Separados por el mapa
Base de drakilouxD· ✓ Separados por el mapa
Base de Target Fixed· ✓ Separados por el mapa
Base de Molgrimmarr· ✓ Separados por el mapa
Terreno inicial suavizado · ◌ = hueco del cierre detectado · pasá el cursor para detalles
Inputs por minuto
— Akanii - - drakilouxD
Build order — Akanii
Primeras 150 de 179 acciones detectadas
| 0:02 | Crear | Villager (Male) |
| 0:02 | Crear | Villager (Male) |
| 0:02 | Crear | Villager (Male) |
| 0:03 | Crear | Villager (Male) |
| 0:04 | Construir | House |
| 0:06 | Construir | House |
| 1:11 | Crear | Villager (Male) |
| 1:33 | Crear | Villager (Male) |
| 1:53 | Crear | Villager (Male) |
| 2:32 | Crear | Villager (Male) |
| 3:06 | Crear | Villager (Male) |
| 3:26 | Crear | Villager (Male) |
| 3:57 | Crear | Villager (Male) |
| 4:03 | Construir | House |
| 4:05 | Construir | House |
| 4:11 | Construir | Lumber Camp |
| 4:18 | Crear | Villager (Male) |
| 4:58 | Crear | Villager (Male) |
| 5:28 | Crear | Villager (Male) |
| 6:05 | Crear | Villager (Male) |
| 6:07 | Crear | Villager (Male) |
| 6:08 | Crear | Villager (Male) |
| 6:59 | Construir | Mining Camp |
| 7:50 | Investigar | Feudal Age |
| 8:03 | Construir | Mill |
| 8:15 | Crear | Villager (Male) |
| 8:16 | Crear | Villager (Male) |
| 8:17 | Crear | Villager (Male) |
| 8:23 | Construir | House |
| 8:24 | Construir | House |
| 9:10 | Construir | Farm |
| 9:10 | Construir | Farm |
| 9:11 | Construir | Farm |
| 9:13 | Construir | Farm |
| 10:00 | Edad | Edad Feudal |
| 10:46 | Construir | Farm |
| 11:09 | Construir | Farm |
| 11:10 | Construir | Farm |
| 11:20 | Investigar | Wheelbarrow |
| 12:17 | Construir | Barracks |
| 12:49 | Construir | Farm |
| 13:14 | Crear | Villager (Male) |
| 13:15 | Crear | Villager (Male) |
| 13:33 | Construir | Stable |
| 13:46 | Investigar | Horse Collar |
| 14:04 | Construir | Blacksmith |
| 14:08 | Crear | Villager (Male) |
| 14:21 | Crear | Villager (Male) |
| 15:11 | Construir | Stable |
| 15:15 | Investigar | Castle Age |
| 15:19 | Investigar | Horse Collar |
| 15:21 | Investigar | Double-Bit Axe |
| 16:03 | Crear | Villager (Male) |
| 16:14 | Construir | Farm |
| 16:16 | Construir | Farm |
| 16:21 | Construir | Lumber Camp |
| 16:34 | Crear | Scout Cavalry |
| 16:55 | Investigar | Forging |
| 17:22 | Crear | Spearman |
| 17:28 | Crear | Villager (Male) |
| 17:52 | Crear | Spearman |
| 17:54 | Crear | Villager (Male) |
| 17:55 | Edad | Edad de los Castillos |
| 18:02 | Construir | Town Center |
| 18:16 | Crear | Spearman |
| 18:17 | Crear | Villager (Male) |
| 18:52 | Crear | Villager (Male) |
| 19:01 | Construir | House |
| 19:02 | Construir | House |
| 19:03 | Construir | House |
| 19:22 | Crear | Spearman |
| 20:02 | Construir | Stable |
| 20:08 | Investigar | Pikeman (upgrade) |
| 20:11 | Investigar | Scale Mail Armor |
| 20:13 | Crear | Villager (Male) |
| 20:13 | Crear | Villager (Male) |
| 20:22 | Construir | Farm |
| 20:23 | Construir | Farm |
| 20:34 | Crear | Villager (Male) |
| 20:35 | Crear | Villager (Male) |
| 20:42 | Construir | Farm |
| 20:48 | Crear | Camel Scout |
| 20:54 | Crear | Spearman |
| 20:55 | Crear | Spearman |
| 21:29 | Crear | Camel Scout |
| 22:12 | Crear | Villager (Male) |
| 22:12 | Crear | Villager (Male) |
| 22:13 | Crear | Villager (Male) |
| 22:13 | Crear | Villager (Male) |
| 22:19 | Construir | Farm |
| 22:27 | Construir | Farm |
| 22:31 | Crear | Villager (Male) |
| 22:32 | Crear | Villager (Male) |
| 22:57 | Crear | Camel Scout |
| 22:59 | Crear | Villager (Male) |
| 23:02 | Crear | Camel Scout |
| 23:12 | Crear | Villager (Male) |
| 23:20 | Construir | Lumber Camp |
| 24:09 | Crear | Camel Scout |
| 24:11 | Crear | Villager (Male) |
| 24:11 | Crear | Villager (Male) |
| 24:13 | Crear | Villager (Male) |
| 24:16 | Construir | House |
| 24:16 | Construir | House |
| 24:18 | Construir | House |
| 24:19 | Construir | House |
| 24:19 | Construir | House |
| 24:25 | Investigar | Town Watch |
| 24:28 | Investigar | Scale Barding Armor |
| 24:32 | Investigar | Fletching |
| 24:57 | Construir | Mill |
| 25:00 | Construir | Farm |
| 25:00 | Construir | Farm |
| 25:00 | Construir | Farm |
| 25:01 | Construir | Farm |
| 25:01 | Construir | Farm |
| 25:02 | Construir | Farm |
| 25:03 | Construir | Farm |
| 25:03 | Construir | Farm |
| 25:03 | Construir | Farm |
| 25:06 | Construir | Town Center |
| 25:10 | Crear | Villager (Male) |
| 25:11 | Crear | Villager (Male) |
| 25:13 | Investigar | Loom |
| 25:15 | Investigar | Squires |
| 25:19 | Investigar | Padded Archer Armor |
| 25:23 | Crear | Camel Scout |
| 25:29 | Crear | Camel Scout |
| 25:50 | Crear | Villager (Male) |
| 27:01 | Construir | Siege Workshop |
| 27:09 | Construir | Siege Workshop |
| 27:13 | Crear | Spearman |
| 27:13 | Crear | Spearman |
| 27:13 | Crear | Spearman |
| 27:14 | Crear | Spearman |
| 27:18 | Crear | Camel Scout |
| 27:18 | Crear | Camel Scout |
| 27:19 | Crear | Camel Scout |
| 27:19 | Crear | Camel Scout |
| 27:22 | Crear | Armored Elephant |
| 27:38 | Construir | Mining Camp |
| 27:43 | Crear | Armored Elephant |
| 27:56 | Crear | Camel Scout |
| 27:56 | Crear | Camel Scout |
| 28:00 | Crear | Villager (Male) |
| 28:07 | Construir | Mill |
| 28:10 | Construir | Farm |
| 28:10 | Construir | Farm |
| 28:11 | Construir | Farm |
| 28:11 | Construir | Farm |
Build order — drakilouxD
Primeras 150 de 190 acciones detectadas
| 0:01 | Crear | Villager (Male) |
| 0:02 | Crear | Villager (Male) |
| 0:03 | Construir | House |
| 0:05 | Construir | House |
| 0:09 | Crear | Villager (Male) |
| 0:09 | Crear | Villager (Male) |
| 1:14 | Crear | Villager (Male) |
| 1:14 | Crear | Villager (Male) |
| 1:50 | Crear | Villager (Male) |
| 2:33 | Crear | Villager (Male) |
| 3:04 | Crear | Villager (Male) |
| 3:04 | Crear | Villager (Male) |
| 3:36 | Crear | Villager (Male) |
| 3:56 | Crear | Villager (Male) |
| 3:56 | Crear | Villager (Male) |
| 3:57 | Crear | Villager (Male) |
| 3:57 | Crear | Villager (Male) |
| 4:03 | Construir | House |
| 4:29 | Construir | House |
| 5:21 | Crear | Villager (Male) |
| 5:21 | Crear | Villager (Male) |
| 6:07 | Crear | Villager (Male) |
| 6:33 | Crear | Villager (Male) |
| 6:33 | Crear | Villager (Male) |
| 6:34 | Crear | Villager (Male) |
| 6:37 | Crear | Villager (Male) |
| 7:01 | Construir | Lumber Camp |
| 7:13 | Construir | Barracks |
| 7:57 | Crear | Villager (Male) |
| 8:41 | Investigar | Feudal Age |
| 8:46 | Construir | Outpost |
| 9:00 | Construir | Mill |
| 9:36 | Construir | Farm |
| 9:37 | Construir | Farm |
| 9:37 | Construir | Farm |
| 9:38 | Construir | Farm |
| 10:20 | Construir | House |
| 10:21 | Construir | House |
| 10:23 | Construir | House |
| 11:00 | Crear | Villager (Male) |
| 11:03 | Crear | Villager (Male) |
| 11:48 | Construir | House |
| 11:49 | Construir | House |
| 11:50 | Construir | House |
| 11:55 | Construir | Farm |
| 11:55 | Construir | Farm |
| 11:55 | Construir | Farm |
| 11:57 | Construir | Farm |
| 13:02 | Investigar | Horse Collar |
| 13:02 | Investigar | Horse Collar |
| 13:11 | Construir | Farm |
| 13:11 | Construir | Farm |
| 13:12 | Construir | Farm |
| 13:13 | Construir | Farm |
| 13:33 | Construir | Farm |
| 13:48 | Construir | Farm |
| 14:30 | Construir | Blacksmith |
| 14:48 | Crear | Villager (Male) |
| 14:48 | Crear | Villager (Male) |
| 15:04 | Crear | Villager (Male) |
| 15:29 | Construir | Archery Range |
| 15:43 | Investigar | Double-Bit Axe |
| 15:43 | Investigar | Double-Bit Axe |
| 16:40 | Investigar | Castle Age |
| 18:10 | Crear | Archer |
| 18:11 | Crear | Archer |
| 18:13 | Crear | Archer |
| 19:23 | Construir | Town Center |
| 19:26 | Crear | Villager (Male) |
| 19:26 | Crear | Villager (Male) |
| 19:26 | Crear | Villager (Male) |
| 19:28 | Crear | Villager (Male) |
| 19:30 | Crear | Villager (Male) |
| 19:39 | Investigar | Crossbowman (upgrade) |
| 19:57 | Crear | Archer |
| 20:05 | Crear | Villager (Male) |
| 20:06 | Crear | Villager (Male) |
| 20:20 | Construir | Town Center |
| 20:37 | Construir | Palisade Wall |
| 20:42 | Construir | Palisade Wall |
| 20:45 | Construir | Palisade Wall |
| 20:46 | Construir | Palisade Wall |
| 20:52 | Construir | Gate |
| 21:16 | Crear | Villager (Male) |
| 21:17 | Crear | Villager (Male) |
| 21:17 | Crear | Villager (Male) |
| 21:17 | Crear | Villager (Male) |
| 21:18 | Crear | Villager (Male) |
| 21:18 | Crear | Villager (Male) |
| 21:18 | Crear | Villager (Male) |
| 21:18 | Crear | Villager (Male) |
| 21:26 | Crear | Villager (Male) |
| 21:27 | Crear | Villager (Male) |
| 21:27 | Crear | Villager (Male) |
| 21:28 | Crear | Villager (Male) |
| 21:28 | Crear | Villager (Male) |
| 21:28 | Crear | Villager (Male) |
| 22:58 | Crear | Villager (Male) |
| 22:59 | Crear | Villager (Male) |
| 22:59 | Crear | Villager (Male) |
| 22:59 | Crear | Villager (Male) |
| 22:59 | Crear | Villager (Male) |
| 23:07 | Construir | Farm |
| 23:08 | Construir | Farm |
| 23:10 | Crear | Villager (Male) |
| 23:11 | Crear | Villager (Male) |
| 23:11 | Crear | Villager (Male) |
| 23:34 | Crear | Archer |
| 23:34 | Crear | Archer |
| 23:34 | Crear | Archer |
| 23:48 | Investigar | Fletching |
| 23:51 | Crear | Archer |
| 24:07 | Construir | University |
| 24:40 | Crear | Villager (Male) |
| 24:40 | Crear | Villager (Male) |
| 24:40 | Crear | Villager (Male) |
| 24:41 | Crear | Villager (Male) |
| 24:42 | Crear | Villager (Male) |
| 24:56 | Construir | House |
| 24:57 | Construir | House |
| 24:58 | Construir | House |
| 24:59 | Construir | House |
| 25:00 | Construir | House |
| 25:01 | Construir | House |
| 25:02 | Construir | House |
| 25:03 | Construir | House |
| 25:04 | Construir | House |
| 25:05 | Construir | House |
| 25:06 | Construir | House |
| 25:07 | Construir | House |
| 25:08 | Construir | House |
| 25:18 | Crear | Villager (Male) |
| 25:19 | Crear | Villager (Male) |
| 25:19 | Crear | Villager (Male) |
| 25:19 | Crear | Villager (Male) |
| 25:19 | Crear | Villager (Male) |
| 25:26 | Crear | Archer |
| 25:27 | Crear | Archer |
| 25:56 | Investigar | Ballistics |
| 26:00 | Crear | Archer |
| 26:01 | Crear | Archer |
| 26:34 | Crear | Archer |
| 26:34 | Crear | Archer |
| 26:46 | Construir | Archery Range |
| 26:50 | Construir | Stable |
| 26:53 | Construir | Barracks |
| 26:53 | Construir | Barracks |
| 26:57 | Crear | Villager (Male) |
| 26:57 | Crear | Villager (Male) |
| 26:57 | Crear | Villager (Male) |
Build order — Target Fixed
Primeras 150 de 231 acciones detectadas
| 0:01 | Crear | Villager (Male) |
| 0:03 | Construir | House |
| 0:05 | Construir | House |
| 0:14 | Crear | Villager (Male) |
| 0:25 | Crear | Villager (Male) |
| 0:25 | Crear | Villager (Male) |
| 0:38 | Construir | House |
| 0:41 | Construir | House |
| 1:40 | Crear | Villager (Male) |
| 2:06 | Crear | Villager (Male) |
| 2:06 | Crear | Villager (Male) |
| 2:34 | Crear | Villager (Male) |
| 2:34 | Crear | Villager (Male) |
| 3:07 | Crear | Villager (Male) |
| 3:07 | Crear | Villager (Male) |
| 3:20 | Crear | Villager (Male) |
| 4:20 | Crear | Villager (Male) |
| 4:35 | Crear | Villager (Male) |
| 4:36 | Crear | Villager (Male) |
| 4:36 | Crear | Villager (Male) |
| 4:37 | Crear | Villager (Male) |
| 5:16 | Construir | Lumber Camp |
| 5:31 | Crear | Villager (Male) |
| 5:31 | Crear | Villager (Male) |
| 5:31 | Crear | Villager (Male) |
| 5:44 | Crear | Villager (Male) |
| 6:09 | Crear | Villager (Male) |
| 6:55 | Crear | Villager (Male) |
| 7:31 | Investigar | Loom |
| 7:55 | Crear | Villager (Male) |
| 8:10 | Construir | Mill |
| 8:18 | Crear | Villager (Male) |
| 8:28 | Investigar | Feudal Age |
| 8:28 | Investigar | Feudal Age |
| 8:44 | Crear | Villager (Male) |
| 8:55 | Crear | Villager (Male) |
| 8:57 | Crear | Villager (Male) |
| 8:57 | Crear | Villager (Male) |
| 8:59 | Investigar | Loom |
| 9:02 | Crear | Villager (Male) |
| 9:02 | Crear | Villager (Male) |
| 9:24 | Crear | Villager (Male) |
| 10:14 | Construir | House |
| 10:26 | Crear | Villager (Male) |
| 10:28 | Investigar | Loom |
| 10:40 | Edad | Edad Feudal |
| 10:41 | Investigar | Horse Collar |
| 10:41 | Investigar | Horse Collar |
| 10:46 | Construir | Farm |
| 10:46 | Construir | Farm |
| 10:46 | Construir | Farm |
| 10:46 | Construir | Farm |
| 10:51 | Construir | Farm |
| 10:51 | Construir | Farm |
| 10:51 | Construir | Farm |
| 10:51 | Construir | Farm |
| 11:10 | Investigar | Double-Bit Axe |
| 11:37 | Construir | House |
| 11:38 | Construir | House |
| 11:44 | Crear | Villager (Male) |
| 11:54 | Construir | Market |
| 12:06 | Construir | Farm |
| 12:07 | Construir | Farm |
| 12:12 | Crear | Villager (Male) |
| 12:31 | Construir | Farm |
| 12:35 | Crear | Villager (Male) |
| 12:54 | Crear | Villager (Male) |
| 13:17 | Construir | Blacksmith |
| 13:24 | Crear | Villager (Male) |
| 13:36 | Crear | Villager (Male) |
| 13:48 | Crear | Villager (Male) |
| 14:11 | Crear | Villager (Male) |
| 14:30 | Construir | Farm |
| 14:37 | Construir | Farm |
| 14:37 | Construir | Farm |
| 14:38 | Construir | Farm |
| 14:39 | Construir | Farm |
| 15:19 | Construir | Barracks |
| 15:35 | Crear | Villager (Male) |
| 15:36 | Crear | Villager (Male) |
| 15:48 | Crear | Villager (Male) |
| 16:00 | Construir | Mining Camp |
| 16:09 | Crear | Militia |
| 16:25 | Construir | Archery Range |
| 16:44 | Crear | Spearman |
| 16:54 | Crear | Villager (Male) |
| 16:56 | Crear | Villager (Male) |
| 16:59 | Crear | Villager (Male) |
| 17:19 | Crear | Spearman |
| 17:20 | Crear | Spearman |
| 17:25 | Crear | Villager (Male) |
| 17:35 | Construir | Outpost |
| 18:01 | Investigar | Castle Age |
| 18:05 | Investigar | Stone Mining |
| 18:29 | Construir | Outpost |
| 18:31 | Crear | Villager (Male) |
| 19:20 | Crear | Skirmisher |
| 19:20 | Crear | Skirmisher |
| 19:20 | Crear | Skirmisher |
| 20:49 | Edad | Edad de los Castillos |
| 20:57 | Construir | Town Center |
| 21:24 | Crear | Skirmisher |
| 21:52 | Construir | Stable |
| 22:37 | Crear | Cavalry Archer |
| 22:38 | Crear | Cavalry Archer |
| 22:40 | Crear | Skirmisher |
| 22:41 | Crear | Skirmisher |
| 22:56 | Crear | Camel Scout |
| 22:57 | Crear | Knight |
| 22:57 | Crear | Knight |
| 23:15 | Construir | Town Center |
| 23:17 | Crear | Villager (Male) |
| 23:17 | Crear | Villager (Male) |
| 23:24 | Investigar | Padded Archer Armor |
| 23:26 | Investigar | Fletching |
| 23:28 | Investigar | Scale Mail Armor |
| 23:33 | Crear | Villager (Male) |
| 23:33 | Crear | Villager (Male) |
| 23:56 | Crear | Villager (Male) |
| 23:57 | Crear | Villager (Male) |
| 23:57 | Crear | Villager (Male) |
| 23:58 | Crear | Villager (Male) |
| 24:36 | Crear | Villager (Male) |
| 24:37 | Crear | Villager (Male) |
| 24:37 | Crear | Villager (Male) |
| 24:37 | Crear | Villager (Male) |
| 24:40 | Crear | Spearman |
| 24:40 | Crear | Spearman |
| 24:40 | Crear | Spearman |
| 24:41 | Crear | Spearman |
| 24:47 | Crear | Villager (Male) |
| 24:50 | Crear | Villager (Male) |
| 24:55 | Investigar | Chain Mail Armor |
| 25:03 | Construir | Farm |
| 25:05 | Construir | Farm |
| 25:06 | Construir | Farm |
| 25:13 | Investigar | Heavy Plow |
| 25:19 | Crear | Spearman |
| 25:35 | Crear | Camel Scout |
| 25:35 | Crear | Camel Scout |
| 26:11 | Crear | Villager (Male) |
| 26:11 | Crear | Villager (Male) |
| 26:11 | Crear | Villager (Male) |
| 26:25 | Crear | Knight |
| 26:34 | Crear | Villager (Male) |
| 26:36 | Crear | Villager (Male) |
| 26:36 | Crear | Villager (Male) |
| 26:42 | Construir | Castle |
| 26:59 | Crear | Camel Scout |
| 26:59 | Crear | Camel Scout |
Build order — Molgrimmarr
Primeras 150 de 163 acciones detectadas
| 0:01 | Crear | Villager (Male) |
| 0:02 | Crear | Villager (Male) |
| 0:02 | Crear | Villager (Male) |
| 0:06 | Construir | House |
| 0:07 | Construir | House |
| 0:09 | Construir | House |
| 0:09 | Construir | House |
| 0:46 | Crear | Villager (Male) |
| 0:46 | Crear | Villager (Male) |
| 1:50 | Crear | Villager (Male) |
| 2:15 | Crear | Villager (Male) |
| 2:41 | Crear | Villager (Male) |
| 3:13 | Crear | Villager (Male) |
| 3:13 | Crear | Villager (Male) |
| 4:02 | Crear | Villager (Male) |
| 4:04 | Crear | Villager (Male) |
| 4:51 | Construir | Lumber Camp |
| 5:26 | Crear | Villager (Male) |
| 5:26 | Crear | Villager (Male) |
| 5:26 | Crear | Villager (Male) |
| 5:42 | Crear | Villager (Male) |
| 5:42 | Crear | Villager (Male) |
| 6:32 | Construir | Mill |
| 7:27 | Investigar | Feudal Age |
| 7:27 | Investigar | Loom |
| 8:45 | Construir | Barracks |
| 9:13 | Construir | House |
| 9:14 | Construir | House |
| 9:41 | Edad | Edad Feudal |
| 9:41 | Crear | Villager (Male) |
| 10:12 | Construir | Outpost |
| 10:16 | Crear | Villager (Male) |
| 10:22 | Investigar | Double-Bit Axe |
| 10:39 | Construir | Mining Camp |
| 10:50 | Investigar | Horse Collar |
| 10:58 | Crear | Villager (Male) |
| 11:05 | Construir | Farm |
| 11:16 | Construir | Farm |
| 11:17 | Construir | Farm |
| 11:27 | Construir | Farm |
| 11:32 | Crear | Villager (Male) |
| 11:33 | Crear | Villager (Male) |
| 12:12 | Construir | Outpost |
| 12:30 | Crear | Villager (Male) |
| 12:30 | Crear | Villager (Male) |
| 12:35 | Construir | Farm |
| 12:38 | Construir | Farm |
| 12:43 | Construir | Farm |
| 12:54 | Construir | Farm |
| 13:00 | Construir | Farm |
| 13:02 | Construir | Farm |
| 13:09 | Construir | Farm |
| 13:15 | Crear | Villager (Male) |
| 13:32 | Construir | Blacksmith |
| 13:36 | Construir | House |
| 13:48 | Crear | Villager (Male) |
| 13:48 | Crear | Villager (Male) |
| 13:57 | Construir | Farm |
| 14:19 | Construir | Outpost |
| 14:28 | Crear | Villager (Male) |
| 14:53 | Construir | Market |
| 15:22 | Crear | Villager (Male) |
| 15:22 | Crear | Villager (Male) |
| 15:29 | Construir | Farm |
| 15:35 | Construir | Farm |
| 15:46 | Construir | Farm |
| 16:44 | Construir | Barracks |
| 16:50 | Investigar | Castle Age |
| 17:12 | Investigar | Forging |
| 17:43 | Construir | Barracks |
| 17:52 | Construir | Farm |
| 18:16 | Investigar | Man-at-Arms (upgrade) |
| 18:20 | Investigar | Scale Mail Armor |
| 19:07 | Crear | Militia |
| 19:07 | Crear | Militia |
| 19:30 | Edad | Edad de los Castillos |
| 19:30 | Crear | Villager (Male) |
| 19:31 | Crear | Villager (Male) |
| 19:50 | Investigar | Long Swordsman (upgrade) |
| 19:52 | Investigar | Squires |
| 19:56 | Crear | Militia |
| 19:56 | Crear | Militia |
| 20:29 | Construir | Town Center |
| 20:41 | Construir | Lumber Camp |
| 20:45 | Crear | Villager (Male) |
| 20:45 | Crear | Villager (Male) |
| 20:49 | Investigar | Gold Mining |
| 20:52 | Investigar | Iron Casting |
| 21:11 | Crear | Militia |
| 21:11 | Crear | Militia |
| 21:34 | Crear | Villager (Male) |
| 21:43 | Crear | Militia |
| 21:43 | Crear | Militia |
| 21:57 | Crear | Villager (Male) |
| 22:06 | Crear | Villager (Male) |
| 22:07 | Crear | Villager (Male) |
| 22:52 | Construir | Castle |
| 22:56 | Crear | Militia |
| 22:56 | Crear | Militia |
| 23:09 | Construir | Siege Workshop |
| 23:17 | Crear | Militia |
| 23:17 | Crear | Militia |
| 23:35 | Investigar | Chain Mail Armor |
| 23:37 | Crear | Villager (Male) |
| 23:43 | Construir | Farm |
| 23:44 | Construir | Farm |
| 24:13 | Construir | Farm |
| 24:39 | Crear | Villager (Male) |
| 24:39 | Crear | Villager (Male) |
| 24:52 | Crear | Militia |
| 24:52 | Crear | Militia |
| 25:02 | Crear | Villager (Male) |
| 25:17 | Crear | Battering Ram |
| 25:20 | Crear | Mangonel |
| 25:25 | Crear | Villager (Male) |
| 25:26 | Crear | Villager (Male) |
| 25:48 | Crear | Mangonel |
| 25:53 | Crear | Villager (Male) |
| 25:54 | Crear | Villager (Male) |
| 25:59 | Construir | Farm |
| 26:01 | Construir | Farm |
| 26:07 | Construir | Farm |
| 26:16 | Crear | Militia |
| 26:16 | Crear | Militia |
| 26:18 | Crear | Militia |
| 26:18 | Crear | Militia |
| 26:40 | Construir | University |
| 26:42 | Construir | House |
| 26:43 | Construir | House |
| 26:44 | Construir | House |
| 26:47 | Construir | House |
| 26:57 | Crear | Villager (Male) |
| 26:58 | Crear | Villager (Male) |
| 27:00 | Crear | Militia |
| 27:01 | Crear | Militia |
| 27:05 | Crear | Mangonel |
| 27:30 | Crear | Villager (Male) |
| 27:30 | Crear | Villager (Male) |
| 27:37 | Crear | Mangonel |
| 27:41 | Crear | Militia |
| 27:42 | Crear | Militia |
| 27:43 | Crear | Militia |
| 27:43 | Crear | Militia |
| 28:02 | Crear | Militia |
| 28:02 | Crear | Militia |
| 28:11 | Construir | Farm |
| 28:12 | Construir | Farm |
| 28:13 | Construir | Farm |
| 28:27 | Crear | Mangonel |
| 28:31 | Investigar | Pikeman (upgrade) |
Cronología de la partida
| 7:13 | drakilouxD · first_building Barracks |
| 8:45 | Molgrimmarr · first_building Barracks |
| 9:41 | Molgrimmarr · age_up feudal |
| 10:00 | Akanii · age_up feudal |
| 10:40 | Target Fixed · age_up feudal |
| 12:17 | Akanii · first_building Barracks |
| 13:33 | Akanii · first_building Stable |
| 15:19 | Target Fixed · first_building Barracks |
| 15:29 | drakilouxD · first_building Archery Range |
| 16:25 | Target Fixed · first_building Archery Range |
| 17:55 | Akanii · age_up castle |
| 19:30 | Molgrimmarr · age_up castle |
| 20:37 | drakilouxD · wall_segment Palisade Wall x20 |
| 20:42 | drakilouxD · wall_segment Palisade Wall x11 |
| 20:45 | drakilouxD · wall_segment Palisade Wall x11 |
| 20:46 | drakilouxD · wall_segment Palisade Wall x5 |
| 20:49 | Target Fixed · age_up castle |
| 21:52 | Target Fixed · first_building Stable |
| 22:52 | Molgrimmarr · first_building Castle |
| 23:09 | Molgrimmarr · first_building Siege Workshop |
| 26:42 | Target Fixed · first_building Castle |
| 26:50 | drakilouxD · first_building Stable |
| 27:01 | Akanii · first_building Siege Workshop |
| 32:00 | drakilouxD · wall_segment Palisade Wall x4 |
| 32:25 | Akanii · resign |
| 33:39 | Molgrimmarr · first_market_sell 500 wood |
[ ANÁLISIS IA · 1 CRÉDITO ]
¿Qué pasó realmente en esta partida?
Wolo.gg analiza cada decisión: build order, eco, micro, errores típicos por bracket. Análisis personalizado por WhatsApp o Discord en 30 segundos.
Guía civ
Indostaníes
Guía mapa
Hill Fort
Perfil
Akanii